 Dungeon Crawl Stone Soup version 0.20.1-1-g8b1a95d (webtiles) character file.

8343 galech the Grappler (level 11, -2/100 HPs)
             Began as a Troll Monk on Sept 11, 2017.
             Was a High Priest of Okawaru.
             Killed from afar by an electric eel (8 damage)
             ... with a bolt of electricity
             ... on level 1 of the Lair of Beasts.
             The game lasted 00:13:33 (7672 turns).

galech the Grappler (Troll Monk)                    Turns: 7672, Time: 00:13:34

Health: -2/100     AC: 12    Str: 24    XL:     11   Next: 8%
Magic:  10/10      EV: 11    Int:  4    God:    Okawaru [*****.]
Gold:   490        SH: 16    Dex: 17    Spells: 10/10 levels left

rFire    . . .     SeeInvis .     - Unarmed
rCold    + . .     Gourm    +   H - +0 large shield {AC+3}
rNeg     . . .     Faith    +   i - +2 animal skin
rPois    .         Spirit   .   (helmet restricted)
rElec    .         Reflect  .   t - +0 cloak
rCorr    .         Harm     .   (gloves unavailable)
MR       .....                  (boots unavailable)
Stlth    ++........             D - amulet of faith
Regen    0.7/turn               n - +5 ring of dexterity
MPRegen  0.2/turn               j - ring of protection from cold

@: no status effects
A: unfitting armour, claws 3, hooves 1, yellow scales 1, deformed body, dopey 1,
fast metabolism 3, gourmand, regeneration 1, shaggy fur 1, tough skin 2
a: Heroism, Finesse, Renounce Religion


You were on level 1 of the Lair of Beasts.
You worshipped Okawaru.
Okawaru was extremely pleased with you.
You were full.

You visited 2 branches of the dungeon, and saw 11 of its levels.

You collected 490 gold pieces.

Inventory:

Armour
 a - a +0 robe
 i - a +2 animal skin (worn)
 t - a +0 cloak (worn)
 F - +0 steam dragon scales
 H - a +0 large shield of protection (worn)
Jewellery
 h - an uncursed ring of fire
 j - a ring of protection from cold (right claw)
 n - a +5 ring of dexterity (left claw)
 D - an amulet of faith (around neck)
 E - an uncursed amulet of magic regeneration {unknown}
 J - an uncursed ring of fire
Wands
 f - a wand of random effects (19/48)
 w - a wand of digging (8/24)
 C - a wand of confusion (21/48)
 G - a wand of iceblast (9/15)
Scrolls
 l - 3 scrolls of remove curse
 m - 5 scrolls of identify {unknown}
 q - 3 scrolls of magic mapping {unknown}
 r - a scroll of enchant weapon {unknown}
 v - 3 scrolls of recharging {unknown}
 x - a scroll of teleportation
 y - 3 scrolls of fear {unknown}
 K - a scroll of random uselessness {unknown}
Potions
 d - a potion of brilliance {unknown}
 e - 5 potions of curing {unknown}
 g - a potion of lignification {unknown}
 p - a potion of invisibility {unknown}
 s - 3 potions of heal wounds {unknown}
 u - a potion of mutation {unknown}
 A - a potion of flight {unknown}
 B - a potion of haste {unknown}
 I - a potion of might {unknown}
Comestibles
 b - 8 bread rations
 c - 2 fruits
 k - 3 royal jellies
 z - 4 meat rations


   Skills:
 + Level 4.1 Fighting
 + Level 6.9 Dodging
 + Level 3.8 Stealth
 + Level 5.7 Shields
 + Level 11.9 Unarmed Combat
 + Level 0.1 Invocations


You had 10 spell levels left.
You didn't know any spells.

Dungeon Overview and Level Annotations

Branches:
Dungeon (10/15)            Temple (0/1) D:6            Lair (1/6) D:9
    Orc: D:9-12

Altars:
Dithmenos
Okawaru
Trog
Vehumet
The Shining One


Innate Abilities, Weirdness & Mutations

You are too large for most types of armour.
You have claws for hands.
Your metabolism is lightning-fast.
You like to eat raw meat.
Your natural rate of healing is unusually fast.
You are covered in fur. (AC +1)
You have very tough skin. (AC +2)
You have large cloven feet.
You are partially covered in yellow scales. (AC +2)
Armour fits poorly on your strangely shaped body.
You are dopey. (Int -2)


Message History

The bolt of electricity hits the electric eel.
The electric eel completely resists.
The bolt of electricity hits you!
The electric eel shoots out a bolt of lightning at you!
The bolt of electricity misses you.
The electric eel shoots out a bolt of lightning at you!
The bolt of electricity hits the electric eel.
The electric eel completely resists.
The bolt of electricity hits you!
The electric eel shoots out a bolt of lightning at you!
The bolt of electricity hits you!
* * * LOW HITPOINT WARNING * * *
The electric eel shoots out a bolt of lightning at you!
The bolt of electricity hits the electric eel.
The electric eel completely resists.
The bolt of electricity hits you!
* * * LOW HITPOINT WARNING * * *
The electric eel shoots out a bolt of lightning at you!
The bolt of electricity hits you!
* * * LOW HITPOINT WARNING * * *
The electric eel shoots out a bolt of lightning at you!
The bolt of electricity hits you!
You die...

.#.........#.######..#
........##....## #.#..##
............#######..##
..........#.###>##....#
......P....####.#...###
.....PP#...##.......#
....P......##......##
...........##.#.##...#
....#.#.@....###.##..#
...........##.####..)#
...........##.#.###..##
.............#..# #...#
.........#...#.## #..####
.........#..#.#####..#P..
≈♣♣≈♣≈♣♣.........$.......
≈♣P♣♣♣♣♣;;♣.....#####...
≈≈≈≈≈≈≈♣♣≈≈≈≈≈### ##...


You could see 2 electric eels.

Vanquished Creatures
  Erica (D:9)
  2 two-headed ogres
  Maurice (D:9)
  The ghost of galech the Ruffian, a novice TrMo (D:5)
  Psyche (D:9)
  A spiny frog (Lair:1)
  A merfolk (D:10)
  A troll (D:9)
  Grinder (D:3)
  A hippogriff (D:7)
  Sigmund (D:2)
  Grum (D:9)
  A steam dragon (D:8)
  A water moccasin (D:10)
  An orc warrior (D:8)
  2 black bears
  3 sky beasts
  3 wolves (D:9)
  A necrophage (D:9)
  5 ogres
  A phantom (D:3)
  4 centaurs
  2 bullfrogs (D:6)
  A big kobold (D:7)
  A wyvern zombie (D:9)
  5 scorpions
  A water moccasin skeleton (D:7)
  A centaur zombie (D:5)
  3 crimson imps
  A bullfrog skeleton (D:5)
  A bullfrog zombie (D:9)
  5 orc priests
  9 hounds
  2 jellies
  3 orc wizards
  2 quasits
  A gnoll shaman (D:8)
  Crazy Yiuf (D:3)
  A centaur skeleton (D:6)
  Ijyb (D:3)
  2 iguanas
  6 worker ants
  3 hound skeletons
  Robin (D:3)
  7 gnolls
  12 adders
  A howler monkey skeleton (D:5)
  3 shadow imps
  2 oozes
  An adder skeleton (D:5)
  2 worms
  4 dart slugs
  5 leopard geckos
  21 orcs
  2 ball pythons
  7 giant cockroaches
  11 hobgoblins
  5 quokkas
  17 bats
  5 frilled lizards
  16 goblins
  9 kobolds
  2 quokka skeletons
  6 rats
  A fungus (D:3)
227 creatures vanquished.

Notes
Turn   | Place    | Note
-------+----------+-------------------------------------------
     0 | D:1      | galech the Troll Monk began the quest for the Orb.
     0 | D:1      | Reached XP level 1. HP: 22/22 MP: 0/0
   233 | D:1      | Reached XP level 2. HP: 29/29 MP: 1/1
   570 | D:2      | Reached XP level 3. HP: 35/36 MP: 2/2
   669 | D:2      | Noticed Sigmund
   682 | D:2      | Killed Sigmund
   682 | D:2      | Reached skill level 4 in Unarmed Combat
   682 | D:2      | Reached XP level 4. HP: 37/45 MP: 3/3
   682 | D:2      | Reached XP level 5. HP: 44/53 MP: 4/4
  1193 | D:2      | Reached skill level 5 in Unarmed Combat
  1458 | D:3      | Noticed Grinder
  1460 | D:3      | Noticed Robin
  1642 | D:3      | Killed Grinder
  1642 | D:3      | Reached XP level 6. HP: 59/61 MP: 5/5
  1667 | D:3      | Killed Robin
  1793 | D:3      | Reached XP level 7. HP: 59/67 MP: 6/6
  1797 | D:3      | Reached skill level 6 in Unarmed Combat
  1898 | D:3      | Noticed Ijyb
  1909 | D:3      | Killed Ijyb
  2225 | D:3      | Found a runed door.
  2229 | D:3      | Noticed Crazy Yiuf
  2232 | D:3      | Killed Crazy Yiuf
  2301 | D:4      | Found an iron altar of Okawaru.
  2305 | D:4      | Became a worshipper of Warmaster Okawaru
  2305 | D:4      | Reached * piety under Okawaru
  2305 | D:4      | Reached ** piety under Okawaru
  3018 | D:5      | Entered Level 5 of the Dungeon
  3018 | D:5      | Noticed galech's ghost (novice TrMo)
  3030 | D:4      | Reached skill level 7 in Unarmed Combat
  3045 | D:4      | Reached XP level 8. HP: 31/78 MP: 5/7
  3136 | D:5      | Killed galech's ghost
  3136 | D:5      | Reached skill level 1 in Shields
  3201 | D:5      | Reached skill level 8 in Unarmed Combat
  3336 | D:5      | Reached *** piety under Okawaru
  3707 | D:6      | Reached skill level 5 in Dodging
  3877 | D:6      | Reached XP level 9. HP: 82/84 MP: 8/8
  3929 | D:6      | Found a glowing golden altar of the Shining One.
  3947 | D:6      | Reached skill level 9 in Unarmed Combat
  4085 | D:6      | Found a staircase to the Ecumenical Temple.
  4908 | D:7      | Reached **** piety under Okawaru
  5525 | D:8      | Noticed a two-headed ogre
  5537 | D:8      | Killed a two-headed ogre
  5537 | D:8      | Reached skill level 10 in Unarmed Combat
  6018 | D:8      | Reached XP level 10. HP: 84/92 MP: 9/9
  6088 | D:8      | Reached ***** piety under Okawaru
  6090 | D:8      | Gained mutation: Armour fits poorly on your strangely shaped body. [mutagenic meat]
  6091 | D:8      | Gained mutation: You have large cloven feet. [mutagenic meat]
  6092 | D:8      | Gained mutation: You are dopey. (Int -2) [mutagenic meat]
  6093 | D:8      | Gained mutation: You are partially covered in yellow scales. (AC +2) [mutagenic meat]
  6283 | D:9      | Found a staircase to the Lair.
  6322 | D:9      | Noticed Erica
  6334 | D:9      | Killed Erica
  6334 | D:9      | Received a gift from Okawaru
  6375 | D:9      | Noticed Maurice
  6386 | D:9      | Killed Maurice
  6386 | D:9      | Reached skill level 5 in Shields
  6386 | D:9      | Reached skill level 11 in Unarmed Combat
  6474 | D:9      | Received a gift from Okawaru
  6556 | D:9      | Noticed Grum
  6556 | D:9      | Noticed a two-headed ogre
  6569 | D:9      | Killed a two-headed ogre
  6586 | D:9      | Killed Grum
  6623 | D:9      | Noticed Psyche
  6628 | D:9      | Killed Psyche
  6662 | D:9      | Found a radiant altar of Vehumet.
  6665 | D:9      | Found a shadowy altar of Dithmenos.
  6668 | D:9      | Found a bloodstained altar of Trog.
  6914 | D:10     | Entered Level 10 of the Dungeon
  7050 | D:10     | Reached XP level 11. HP: 91/100 MP: 10/10
  7471 | Lair:1   | Entered Level 1 of the Lair of Beasts
  7672 | Lair:1   | Killed from afar by an electric eel

Skill      XL: |  1  2  3  4  5  6  7  8  9 10 |
---------------+-------------------------------+-----
Fighting       | 3 4 |  4.1
Dodging        | 3 4 5 6 |  6.9
Unarmed Combat | 4 5 7 8 10 11 | 11.9
Stealth        | 2 3 |  3.8
Shields        | 2 3 5 |  5.7
Invocations    | |  0.1

Action                   |  1- 3 |  4- 6 |  7- 9 | 10-12 || total
-------------------------+-------+-------+-------+-------++-------
Melee: Unarmed           |    68 |   101 |   351 |   141 ||   661
       Punch             |     1 |     2 |       |       ||     3
       Kick              |       |       |       |    47 ||    47
Invok: Heroism           |       |       |     2 |     2 ||     4
  Use: Scroll            |       |     3 |       |       ||     3
 Stab: Sleeping          |     3 |     2 |    10 |     3 ||    18
  Eat: Chunk             |    12 |    10 |    39 |    16 ||    77
Armor: Robe              |    19 |    51 |       |       ||    70
       Animal skin       |       |     5 |    97 |    49 ||   151
Dodge: Dodged            |    34 |    95 |   113 |    44 ||   286
Block: Large shield      |       |       |   181 |   114 ||   295
